APP
BALTIMORE (APP) ORIOLES @ DETROIT (APP) TIGERS
08/21/2049
 
TOP OF THE 1ST
Baltimore (APP) Orioles batting - Pitching for Detroit (APP) Tigers : RHP Felipe Guevara
Pitching: RHP Felipe Guevara
Batting: RHB Michael Powell 0-0: Ball
1-0: Ball
2-0: Called Strike
2-1: Ball
3-1: Called Strike
3-2: Base on Balls
Batting: LHB Chris Cohen 0-0: Ball
1-0: Ball
2-0: Ball
3-0: Called Strike
3-1: Base on Balls
Michael Powell to second
Batting: RHB Adam Hudson 0-0: Called Strike
0-1: Ball
1-1: Ball
2-1: Foul Ball, location: 2F
2-2: Grounds into double play, 5-4-3 (Groundball, 56S, EV 81.2 MPH)
Michael Powell to third
Batting: LHB Ivan Alvarez 0-0: Ball
1-0: Ball
2-0: Ball
3-0: Base on Balls
Batting: LHB Robert Ortiz 0-0: Called Strike
0-1: Ball
1-1: Foul Ball, location: 2F
1-2: Strikes out swinging
Top of the 1st over - 0 runs, 0 hits, 0 errors, 2 left on base; Baltimore (APP) 0 - Detroit (APP) 0
BOTTOM OF THE 1ST
Detroit (APP) Tigers batting - Pitching for Baltimore (APP) Orioles : RHP Olaf Barker
Pitching: RHP Olaf Barker
Batting: RHB Kevin Steed 0-0: Called Strike
0-1: Ball
1-1: Ball
2-1: Ground out 3-1 (Groundball, 34, EV 88.8 MPH)
Batting: RHB Alex Duarte 0-0: Foul Ball, location: 2F
0-1: Swinging Strike
0-2: Strikes out looking
Batting: RHB Nate Dabney 0-0: Ball
1-0: Ball
2-0: Called Strike
2-1: Fly out, F8 (Line Drive, 8RD, EV 90.6 MPH)
Bottom of the 1st over - 0 runs, 0 hits, 0 errors, 0 left on base; Baltimore (APP) 0 - Detroit (APP) 0
TOP OF THE 2ND
Baltimore (APP) Orioles batting - Pitching for Detroit (APP) Tigers : RHP Felipe Guevara
Batting: RHB Adam Beal 0-0: Foul Ball, location: 2F
0-1: Ball
1-1: Ball
2-1: Ball
3-1: Base on Balls
Batting: RHB Matt Wallace 0-0: Ball
1-0: Ball
2-0: Ball
3-0: Called Strike
3-1: Foul Ball, location: 2F
3-2: Fly out, F7 (Line Drive, 7S, EV 89.4 MPH)
Batting: RHB Pedro Luera 0-0: Ball
1-0: Ball
2-0: Ball
3-0: Called Strike
3-1: Base on Balls
Adam Beal to second
Batting: RHB Jeff Parlo 0-0: Fly out, F9 (Flyball, 89S, EV 91.2 MPH)
Batting: RHB Michael Powell 0-0: Fly out, F4 (Popup, 4M, EV 73.8 MPH)
Top of the 2nd over - 0 runs, 0 hits, 0 errors, 2 left on base; Baltimore (APP) 0 - Detroit (APP) 0
BOTTOM OF THE 2ND
Detroit (APP) Tigers batting - Pitching for Baltimore (APP) Orioles : RHP Olaf Barker
Batting: LHB Brad Gaskill 0-0: Ball
1-0: Ball
2-0: Ground out 4-3 (Groundball, 4, EV 82.5 MPH)
Batting: LHB Glen Boyle 0-0: Ball
1-0: Ball
2-0: Ball
3-0: Called Strike
3-1: Swinging Strike
3-2: Foul Ball, location: 2F
3-2: Foul Ball, location: 2F
3-2: Strikes out swinging
Batting: RHB Jamie Villagrana 0-0: SOLO HOME RUN (Line Drive, 78XD, EV 105.6 MPH), Distance : 416 ft
Batting: RHB Jorge Lebron 0-0: Ball
1-0: Ball
2-0: Swinging Strike
2-1: TRIPLE (Line Drive, 89XD, EV 108.1 MPH)
Batting: RHB Cody Kafer 0-0: Ball
1-0: Called Strike
1-1: Swinging Strike
1-2: Strikes out looking
Bottom of the 2nd over - 1 run, 2 hits, 0 errors, 1 left on base; Baltimore (APP) 0 - Detroit (APP) 1
TOP OF THE 3RD
Baltimore (APP) Orioles batting - Pitching for Detroit (APP) Tigers : RHP Felipe Guevara
Batting: LHB Chris Cohen 0-0: Ball
1-0: Ball
2-0: Ball
3-0: Base on Balls
Batting: RHB Adam Hudson 0-0: Called Strike
0-1: Called Strike
0-2: Strikes out looking
Batting: LHB Ivan Alvarez 0-0: Called Strike
0-1: Called Strike
0-2: Ball
1-2: Strikes out swinging
Batting: LHB Robert Ortiz 0-0: Ball
1-0: DOUBLE (Line Drive, 7LM, EV 99.4 MPH)
Chris Cohen to third
Runner from 3rd tries for Home, SAFE, no throw by LF
Batting: RHB Adam Beal 0-0: Ball
1-0: Ball
2-0: Called Strike
2-1: Called Strike
2-2: Ball
3-2: Foul Ball, location: 2F
3-2: Strikes out swinging
Top of the 3rd over - 1 run, 1 hit, 0 errors, 1 left on base; Baltimore (APP) 1 - Detroit (APP) 1
BOTTOM OF THE 3RD
Detroit (APP) Tigers batting - Pitching for Baltimore (APP) Orioles : RHP Olaf Barker
Batting: RHB Peter Jones 0-0: Called Strike
0-1: Ball
1-1: Ball
2-1: Ball
3-1: Fly out, F9 (Flyball, 9LM, EV 93.8 MPH)
Batting: RHB Kevin Steed 0-0: Swinging Strike
0-1: Ball
1-1: Foul Ball, location: 2F
1-2: Ground out 1-3 (Groundball, 34S, EV 61.9 MPH)
Batting: RHB Alex Duarte 0-0: Ball
1-0: Swinging Strike
1-1: Ball
2-1: Called Strike
2-2: Strikes out swinging
Bottom of the 3rd over - 0 runs, 0 hits, 0 errors, 0 left on base; Baltimore (APP) 1 - Detroit (APP) 1
TOP OF THE 4TH
Baltimore (APP) Orioles batting - Pitching for Detroit (APP) Tigers : RHP Felipe Guevara
Batting: RHB Matt Wallace 0-0: Foul Ball, location: 2F
0-1: Called Strike
0-2: SINGLE (Groundball, 6MD, EV 110.0 MPH)
Batting: RHB Pedro Luera 0-0: DOUBLE (Flyball, 78D, EV 107.5 MPH)
Matt Wallace to third
Batting: RHB Jeff Parlo 0-0: Foul Ball, location: 2F
0-1: Ball
1-1: Called Strike
1-2: Foul Ball, location: 2F
1-2: Foul Ball, location: 2F
1-2: Ground out 4-3 (Groundball, 4, EV 88.1 MPH)
Matt Wallace scores
Pedro Luera to third
Batting: RHB Michael Powell 0-0: Foul Ball, location: 2F
0-1: Ball
1-1: Ball
2-1: Ball
3-1: Ground out 5-3 (Groundball, 5, EV 90.0 MPH)
Batting: LHB Chris Cohen 0-0: Ball
1-0: Ball
2-0: Ball
3-0: Called Strike
3-1: Foul Ball, location: 2F
3-2: Fly out, F9 (Flyball, 9, EV 91.2 MPH)
Top of the 4th over - 1 run, 2 hits, 0 errors, 1 left on base; Baltimore (APP) 2 - Detroit (APP) 1
BOTTOM OF THE 4TH
Detroit (APP) Tigers batting - Pitching for Baltimore (APP) Orioles : RHP Olaf Barker
Batting: RHB Nate Dabney 0-0: Foul Ball, location: 2F
0-1: Called Strike
0-2: Ball
1-2: Ball
2-2: Foul Ball, location: 2F
2-2: Ball
3-2: Base on Balls
Batting: LHB Brad Gaskill 0-0: Ball
1-0: Called Strike
1-1: Called Strike
1-2: Ball
2-2: Strikes out swinging
Batting: LHB Glen Boyle 0-0: Fly out, F8 (Flyball, 8RM, EV 80.6 MPH)
Batting: RHB Jamie Villagrana 0-0: Called Strike
0-1: Ball
1-1: Swinging Strike
1-2: Ball
2-2: Ball
3-2: Fly out, F9 (Flyball, 9LD, EV 108.8 MPH)
Bottom of the 4th over - 0 runs, 0 hits, 0 errors, 1 left on base; Baltimore (APP) 2 - Detroit (APP) 1
TOP OF THE 5TH
Baltimore (APP) Orioles batting - Pitching for Detroit (APP) Tigers : RHP Felipe Guevara
Pitching: RHP Nick Brooks
Batting: RHB Adam Hudson 0-0: Ball
1-0: Ball
2-0: SINGLE (Line Drive, 89S, EV 86.9 MPH)
Batting: LHB Ivan Alvarez 0-0: Ball
1-0: Called Strike
1-1: Ball
2-1: Foul Ball, location: 2F
2-2: Foul Ball, location: 2F
2-2: Fielders Choice at 2nd, 2-6 (Groundball, 13S, EV 75.0 MPH)
Batting: LHB Robert Ortiz 0-0: Called Strike
0-1: Ball
1-1: Foul Ball, location: 2F
1-2: Ball
2-2: Foul Ball, location: 2F
2-2: Ball
3-2: Fly out, F7 (Flyball, 78M, EV 91.9 MPH)
Batting: RHB Adam Beal 0-0: Ball
1-0: Ball
Ivan Alvarez steals 2nd base
2-0: Called Strike
2-1: Ball
Wild Pitch!
Ivan Alvarez to third
3-1: Foul Ball, location: 2F
3-2: Fly out, F8 (Flyball, 8LD, EV 101.9 MPH)
Top of the 5th over - 0 runs, 1 hit, 0 errors, 1 left on base; Baltimore (APP) 2 - Detroit (APP) 1
BOTTOM OF THE 5TH
Detroit (APP) Tigers batting - Pitching for Baltimore (APP) Orioles : RHP Olaf Barker
Batting: RHB Jorge Lebron 0-0: Ball
1-0: Swinging Strike
1-1: Called Strike
1-2: Strikes out swinging passed ball, reaches first!
Batting: RHB Cody Kafer 0-0: Swinging Strike
0-1: Foul Ball, location: 2F
0-2: Ball
1-2: 2-RUN HOME RUN (Flyball, 9LD, EV 95.6 MPH), Distance : 367 ft
Batting: RHB Peter Jones 0-0: Called Strike
0-1: Ball
1-1: Ball
2-1: Fly out, F7 (Flyball, 78S, EV 88.1 MPH)
Batting: RHB Kevin Steed 0-0: Ball
1-0: Ball
2-0: Called Strike
2-1: Ground out 6-3 (Groundball, 6M, EV 91.2 MPH)
Batting: RHB Alex Duarte 0-0: Foul Ball, location: 2F
0-1: Swinging Strike
0-2: Strikes out swinging
Bottom of the 5th over - 2 runs, 1 hit, 0 errors, 0 left on base; Baltimore (APP) 2 - Detroit (APP) 3
TOP OF THE 6TH
Baltimore (APP) Orioles batting - Pitching for Detroit (APP) Tigers : RHP Nick Brooks
Batting: RHB Matt Wallace 0-0: Fly out, F4 (Flyball, 34D, EV 88.1 MPH)
Batting: RHB Pedro Luera 0-0: Ball
1-0: Foul Ball, location: 2F
1-1: Ball
2-1: Swinging Strike
2-2: Fly out, F8 (Flyball, 89M, EV 78.8 MPH)
Pitching: RHP David Kalinsky
Batting: RHB Jeff Parlo 0-0: Called Strike
0-1: Swinging Strike
0-2: Ball
1-2: Ball
2-2: Strikes out looking
Top of the 6th over - 0 runs, 0 hits, 0 errors, 0 left on base; Baltimore (APP) 2 - Detroit (APP) 3
BOTTOM OF THE 6TH
Detroit (APP) Tigers batting - Pitching for Baltimore (APP) Orioles : RHP Olaf Barker
Batting: RHB Nate Dabney 0-0: Called Strike
0-1: Ball
1-1: Ball
2-1: Ball
3-1: Foul Ball, location: 2F
3-2: Foul Ball, location: 2F
3-2: Base on Balls
Batting: LHB Brad Gaskill 0-0: Called Strike
Pickoff Throw to First - Out! 1-3
0-1: SOLO HOME RUN (Flyball, 9LD, EV 96.2 MPH), Distance : 360 ft
Batting: LHB Glen Boyle 0-0: Swinging Strike
0-1: Called Strike
0-2: Strikes out swinging
Batting: RHB Jamie Villagrana 0-0: Swinging Strike
0-1: Called Strike
0-2: Foul Ball, location: 2F
0-2: Strikes out looking
Bottom of the 6th over - 1 run, 1 hit, 0 errors, 0 left on base; Baltimore (APP) 2 - Detroit (APP) 4
TOP OF THE 7TH
Baltimore (APP) Orioles batting - Pitching for Detroit (APP) Tigers : RHP David Kalinsky
Batting: RHB Michael Powell 0-0: Ball
1-0: Called Strike
1-1: Ball
2-1: Foul Ball, location: 2F
2-2: Ball
3-2: Ground out 4-3 (Groundball, 6, EV 96.9 MPH)
Batting: LHB Chris Cohen 0-0: Foul Ball, location: 2F
0-1: Foul Ball, location: 2F
0-2: Ball
1-2: Strikes out swinging, 2-3 out at first.
Batting: RHB Adam Hudson 0-0: Ball
1-0: Ball
2-0: Called Strike
2-1: Called Strike
2-2: Strikes out looking
Top of the 7th over - 0 runs, 0 hits, 0 errors, 0 left on base; Baltimore (APP) 2 - Detroit (APP) 4
BOTTOM OF THE 7TH
Detroit (APP) Tigers batting - Pitching for Baltimore (APP) Orioles : RHP Olaf Barker
Pitching: LHP Gilberto Lugo
Batting: RHB Jorge Lebron 0-0: Called Strike
0-1: Called Strike
0-2: Strikes out swinging
Batting: RHB Cody Kafer 0-0: Called Strike
0-1: Reached on error, E4 (Groundball, 34, EV 83.8 MPH)
Batting: RHB Peter Jones 0-0: Ball
1-0: Ball
2-0: SINGLE (Line Drive, 9S, EV 108.8 MPH)
Cody Kafer to third
Batting: RHB Kevin Steed 0-0: Ball
1-0: Called Strike
1-1: Called Strike
1-2: Ball
2-2: Strikes out swinging
Batting: RHB Alex Duarte 0-0: Fly out, F4 (Popup, 34D, EV 74.4 MPH)
Bottom of the 7th over - 0 runs, 1 hit, 1 error, 2 left on base; Baltimore (APP) 2 - Detroit (APP) 4
TOP OF THE 8TH
Baltimore (APP) Orioles batting - Pitching for Detroit (APP) Tigers : RHP David Kalinsky
Batting: LHB Ivan Alvarez 0-0: Ball
1-0: Ball
2-0: SINGLE (Groundball, 4D, EV 102.5 MPH)
Batting: LHB Robert Ortiz 0-0: Ball
1-0: Swinging Strike
1-1: 2-RUN HOME RUN (Flyball, 7D, EV 97.5 MPH), Distance : 383 ft
Pinch Hitting: LHB Shane Cruse 0-0: Ball
1-0: Ball
2-0: Ground out 5-3 (Groundball, 56, EV 91.2 MPH)
Pinch Hitting: RHB Steve Hansen 0-0: Swinging Strike
0-1: Ball
1-1: Ball
2-1: Ground out U3 (Groundball, 3L, EV 101.2 MPH)
Pinch Hitting: RHB Aaron Elliott 0-0: Foul Ball, location: 2F
0-1: Foul Ball, location: 2F
0-2: Ball
1-2: Foul Ball, location: 2F
1-2: Ball
2-2: Strikes out swinging
Top of the 8th over - 2 runs, 2 hits, 0 errors, 0 left on base; Baltimore (APP) 4 - Detroit (APP) 4
BOTTOM OF THE 8TH
Detroit (APP) Tigers batting - Pitching for Baltimore (APP) Orioles : LHP Gilberto Lugo
Now at C: Tyler Cohen
Now at 2B: Javier Brizuela
Now at 3B: Willie Carmona
Now in LF: Chris Cohen
Batting: RHB Nate Dabney 0-0: SINGLE (Flyball, 5D, EV 88.1 MPH)
Batting: RHB Khalil Coleman 0-0: Called Strike
0-1: Grounds into double play, 5-4-3 (Groundball, 56, EV 92.5 MPH)
Batting: LHB Glen Boyle 0-0: Ball
1-0: Called Strike
1-1: Ground out 3-1 (Groundball, 13, EV 87.5 MPH)
Bottom of the 8th over - 0 runs, 1 hit, 0 errors, 0 left on base; Baltimore (APP) 4 - Detroit (APP) 4
TOP OF THE 9TH
Baltimore (APP) Orioles batting - Pitching for Detroit (APP) Tigers : RHP David Kalinsky
Pitching: RHP Malcolm Holz
Pinch Hitting: RHB Dou-wan Pan 0-0: SINGLE (Groundball, 6MD, EV 100.0 MPH)
Batting: RHB Michael Powell 0-0: Bunted foul
0-1: Sac Bunt to 3S - play at first, batter OUT! 3-4
Dou-wan Pan to second
Batting: LHB Chris Cohen 0-0: Ball
1-0: Foul Ball, location: 2F
1-1: Called Strike
1-2: Ball
2-2: Foul Ball, location: 2F
2-2: Ground out 4-3 (Groundball, 4, EV 90.0 MPH)
Dou-wan Pan to third
Batting: RHB Adam Hudson 0-0: Intentional Walk
Batting: LHB Ivan Alvarez 0-0: Ground out 4-3 (Groundball, 34, EV 91.2 MPH)
Top of the 9th over - 0 runs, 1 hit, 0 errors, 2 left on base; Baltimore (APP) 4 - Detroit (APP) 4
BOTTOM OF THE 9TH
Detroit (APP) Tigers batting - Pitching for Baltimore (APP) Orioles : LHP Gilberto Lugo
Now in RF: Mike Murphy
Batting: RHB Jamie Villagrana 0-0: Ball
1-0: Ball
2-0: Ball
3-0: Base on Balls
Batting: RHB Jorge Lebron 0-0: Called Strike
0-1: Ball
1-1: Ball
2-1: Foul Ball, location: 2F
2-2: Ball
3-2: Foul Ball, location: 2F
3-2: Base on Balls
Jamie Villagrana to second
Batting: RHB Cody Kafer 0-0: Ball
1-0: Swinging Strike
1-1: Called Strike
1-2: Ball
2-2: Strikes out swinging
Pitching: RHP Dave Patenaude
Batting: RHB Peter Jones 0-0: Grounds into double play, 6-4-3 (Groundball, 6, EV 78.8 MPH)
Bottom of the 9th over - 0 runs, 0 hits, 0 errors, 1 left on base; Baltimore (APP) 4 - Detroit (APP) 4
TOP OF THE 10TH
Baltimore (APP) Orioles batting - Pitching for Detroit (APP) Tigers : RHP Malcolm Holz
Batting: LHB Robert Ortiz 0-0: Fly out, F9 (Flyball, 9S, EV 81.9 MPH)
Batting: RHB Javier Brizuela 0-0: Called Strike
0-1: Foul Ball, location: 2F
0-2: Ball
1-2: Strikes out swinging
Batting: RHB Tyler Cohen 0-0: Ball
1-0: Ball
2-0: DOUBLE (Flyball, 9LM, EV 103.1 MPH)
Batting: RHB Willie Carmona 0-0: Foul Ball, location: 2F
0-1: Called Strike
0-2: Fly out, F7 (Flyball, 78M, EV 91.9 MPH)
Top of the 10th over - 0 runs, 1 hit, 0 errors, 1 left on base; Baltimore (APP) 4 - Detroit (APP) 4
BOTTOM OF THE 10TH
Detroit (APP) Tigers batting - Pitching for Baltimore (APP) Orioles : RHP Dave Patenaude
Pitching: LHP Jeff Glover
Batting: RHB Kevin Steed 0-0: Ball
1-0: Ball
2-0: Swinging Strike
2-1: Swinging Strike
2-2: Ball
3-2: Foul Ball, location: 2F
3-2: Base on Balls
Batting: RHB Alex Duarte 0-0: Foul Ball, location: 2F
0-1: Foul Ball, location: 2F
0-2: Strikes out swinging
Batting: RHB Nate Dabney 0-0: Ball
1-0: Called Strike
1-1: Foul Ball, location: 2F
1-2: Reached on error, E5 (Groundball, 56, EV 110.6 MPH)
Kevin Steed to second
Batting: RHB Khalil Coleman 0-0: Called Strike
0-1: SINGLE (Flyball, 6MD, EV 85.6 MPH)
Kevin Steed to third
Nate Dabney to second
Pinch Hitting: RHB Willie Ochoa 0-0: Ball
1-0: Ball
2-0: Ball
3-0: Called Strike
3-1: Swinging Strike
3-2: SINGLE (Groundball, 34, EV 98.8 MPH)
Kevin Steed scores
Bottom of the 10th over - 1 run, 2 hits, 1 error, 2 left on base; Baltimore (APP) 4 - Detroit (APP) 5
Sunday, July 16th , 2023 - OOTP Baseball 24.6 Build 69